Map: Eternal Empire LE

Players

BewwyCwuncH - Winner!

  • Race: Terran Terran
  • League: Grandmaster
  • Spawn Location: 7:00

TheoRy

  • Race: Terran Terran
  • League: Master
  • Spawn Location: 1:00

VOD

Have the link to the VOD?

Description

Time

  • Played on: Jan. 26, 2020, 3:15 a.m.
  • Length: 17:50
Show
View Real Time Build Order
Export as new Build Order

BewwyCwuncH Terran - Winner!

Build Orders:  

Get SALT Encoding   

  12  0:01  SCV  
  13  0:13  SCV  
  14  0:19  Supply Depot  
  14  0:25  SCV  
  14  0:27  Refinery  
  15  0:40  SCV  
  16  0:45  Barracks  
  16  0:53  SCV  
  17  0:57  Refinery  
  17  1:05  SCV  
  18  1:17  SCV  
  19  1:32  Reaper  
  19  1:33  Orbital Command  
  19  1:36  Factory  
  20  1:45  Supply Depot  
  20  1:59  SCV  
  21  2:05  Reaper  
  22  2:11  SCV  
  23  2:21  Hellion  
  25  2:23  SCV  
  26  2:32  Command Center  
  26  2:35  SCV  
  28  2:37  Reaper  
  28  2:45  Hellion  
  28  2:50  Starport  
  29  2:51  Supply Depot  
  29  2:54  SCV  
  30  3:07  SCV  
  31  3:13  Hellion, Reaper  
  34  3:27  SCV  
  34  3:28  Viking  
  37  3:34  Factory Tech Lab  
  37  3:39  SCV  
  38  3:45  Barracks Reactor  
  38  3:47  Orbital Command  
  38  3:50  Refinery  
  38  3:51  SCV  
  37  4:04  SCV  
  37  4:05  Cyclone  
  37  4:06  Starport Tech Lab  
  41  4:13  Supply Depot  
  38  4:28  Marine x2  
  38  4:30  Raven  
  40  4:32  SCV  
  40  4:35  SCV  
  40  4:36  Command Center  
  42  4:44  SCV  
  43  4:46  Marine x2  
  43  4:47  Supply Depot  
  45  4:59  SCV  
  47  5:00  SCV  
  47  5:03  Marine  
  47  5:04  Marine  
  47  5:05  Siege Tank  
  52  5:11  SCV  
  52  5:12  SCV  
  54  5:15  Supply Depot  
  54  5:23  SCV  
  54  5:25  Starport Reactor  
  55  5:30  SCV  
  55  5:31  Barracks  
  55  5:32  Barracks  
  55  5:33  Refinery  
  55  5:35  Marine, SCV  
  56  5:36  Stimpack  
  56  5:38  Siege Tank  
  56  5:42  SCV  
  62  5:48  SCV, Engineering Bay  
  62  5:49  Engineering Bay  
  63  5:53  Marine  
  63  5:54  SCV  
  63  5:55  Orbital Command  
  65  6:06  Supply Depot x2  
  65  6:10  SCV x2  
  65  6:11  Marine  
  67  6:14  Starport Reactor, Supply Depot  
  67  6:16  Siege Tank  
  71  6:19  Terran Infantry Armor Level 1  
  71  6:23  Marine x2, Terran Infantry Weapons Level 1  
  73  6:26  Marine  
  73  6:29  SCV  
  73  6:30  SCV x2  
  77  6:37  Marine x2  
  77  6:38  Supply Depot  
  79  6:41  Orbital Command  
  79  6:45  SCV  
  79  6:46  SCV  
  80  6:51  Marine x2  
  82  6:54  Marine  
  82  6:55  Marine  
  82  6:56  Marine  
  84  7:03  SCV, Barracks x2  
  84  7:04  SCV  
  86  7:09  Marine  
  86  7:10  Armory  
  86  7:11  Marine  
  86  7:12  Marine  
  86  7:14  Medivac x2  
  93  7:21  Marine x2  
  95  7:28  Marine  
  95  7:29  Marine  
  97  7:30  Marine, Supply Depot x2  
  97  7:36  Siege Tank  
  101  7:38  Marine  
  101  7:39  Marine  
  92  7:46  Marine  
  92  7:47  Marine  
  92  7:48  Marine  
  84  7:56  Marine x2  
  84  7:57  Medivac  
  84  7:58  Medivac  
  79  8:00  Barracks Reactor x2  
  79  8:03  Marine  
  79  8:05  Marine  
  79  8:06  Marine  
  79  8:08  Siege Tank  
  79  8:09  SCV  
  79  8:10  SCV  
  79  8:11  SCV  
  86  8:14  Marine x2  
  86  8:16  Terran Infantry Armor Level 2  
  86  8:17  Terran Infantry Weapons Level 2  
  88  8:21  Marine  
  88  8:23  Marine  
  88  8:24  Marine  
  91  8:28  SCV  
  91  8:29  Factory  
  91  8:32  Marine x2  
  94  8:37  SCV x2  
  94  8:39  Marine  
  94  8:40  SCV, Marine  
  99  8:41  Marine x5  
  99  8:46  Hellion  
  106  8:49  SCV x2, Terran Vehicle Weapons Level 1  
  106  8:50  Marine x2  
  106  8:52  SCV  
  106  8:54  Supply Depot  
  106  8:55  Combat Shield  
  111  9:01  SCV x2  
  113  9:04  SCV  
  113  9:07  Siege Tank  
  113  9:08  Marine  
  116  9:12  Marine x2  
  116  9:15  Factory Tech Lab  
  108  9:29  Marine  
  89  9:32  Marine  
  89  9:34  Marine, Orbital Command, Siege Tank  
  89  9:35  Marine x6  
  94  9:39  Siege Tank  
  97  9:47  Marine  
  97  9:50  Marine  
  97  9:52  Marine x3  
  99  9:53  Marine x4  
  99  9:55  Medivac  
  99  9:56  Medivac  
  110  10:00  Supply Depot  
  110  10:01  Supply Depot  
  110  10:04  Marine  
  110  10:06  Siege Tank  
  114  10:08  Marine  
  114  10:10  Marine x5  
  114  10:11  Marine x2  
  119  10:22  Marine  
  119  10:26  Marine  
  119  10:28  Marine x6  
  121  10:29  Marine  
  110  10:40  Marine  
  107  10:44  Marine, Orbital Command  
  107  10:46  Marine x7  
  115  10:50  Siege Tank x2  
  115  10:53  Terran Infantry Weapons Level 3  
  115  10:55  Terran Infantry Armor Level 3  
  121  10:58  Marine  
  121  10:59  Refinery  
  121  11:00  Medivac  
  121  11:02  Marine  
  121  11:04  Marine x2, Refinery  
  126  11:05  Marine  
  126  11:07  Marine  
  129  11:12  Marine x2  
  131  11:22  Marine  
  131  11:23  Marine x2  
  131  11:24  Marine x3  
  131  11:25  Marine  
  138  11:29  Marine x2  
  140  11:34  Siege Tank  
  143  11:40  Marine  
  143  11:41  Marine x3  
  143  11:42  Marine x2  
  143  11:45  Siege Tank  
  143  11:46  Marine  
  153  11:56  Marine  
  153  11:57  Marine x2  
  153  11:59  Marine  
  153  12:00  Marine  
  153  12:01  Marine x2, Supply Depot x2  
  148  12:21  Siege Tank x2  
  148  12:22  Marine x9  
  145  12:26  Viking  
  145  12:27  SCV  
  150  12:39  Marine  
  150  12:41  Marine  
  150  12:42  Command Center  
  152  12:46  Marine  
  152  12:47  Marine  
  152  12:49  Marine x3  
  152  12:50  Marine  
  158  12:54  Siege Tank  
  161  12:59  Marine, Siege Tank  
  161  13:01  Marine  
  161  13:02  Marine  
  161  13:04  Marine  
  161  13:05  Marine  
  169  13:11  SCV x2  
  169  13:12  Viking  
  173  13:16  Viking  
  174  13:20  Supply Depot  
  174  13:26  Supply Depot  
  172  13:27  Terran Vehicle Weapons Level 2  
  172  13:31  Marine  
  172  13:32  Marine  
  159  13:49  Marine  
  159  13:50  Marine x5  
  159  13:51  Marine x3  
  159  13:52  Medivac, Siege Tank  
  173  14:05  Siege Tank  
  173  14:07  Marine  
  173  14:08  Marine x3  
  180  14:13  Marine x4  
  184  14:20  Sensor Tower  
  187  14:24  Siege Tank  
  179  14:38  Planetary Fortress  
  179  14:40  SCV x2  
  179  14:41  SCV  
  182  14:52  Marine x3  
  157  14:54  Medivac x2  
  157  14:55  Marine x6  
  158  15:01  Starport  
  158  15:02  Siege Tank  
  161  15:10  Marine x3  
  161  15:12  Marine x2  
  161  15:13  Siege Tank  
  169  15:16  Marine  
  169  15:19  Marine x2  
  169  15:20  Marine  
  173  15:24  Medivac  
  174  15:34  Siege Tank  
  177  15:40  Medivac  
  177  15:42  Marine x3, Starport Reactor  
  180  15:44  Marine x2  
  180  15:45  Marine x2  
  186  15:51  SCV x3  
  189  15:57  Command Center  
  189  15:58  Refinery  
  189  15:59  Refinery  
  189  16:02  Sensor Tower  
  162  16:24  Marine x4  
  144  16:26  Marine x5  
  146  16:33  Siege Tank  
  146  16:36  Medivac x2  
  149  16:41  Marine x2  
  149  16:42  Marine x2  
  149  16:44  Marine x5  
  158  16:48  Siege Tank  
  161  16:59  Marine x4  
  165  17:01  Marine x2  
  165  17:02  Marine x3  
  169  17:17  Marine x3  
  169  17:22  Marine x4  
  159  17:32  Marine x2  
Show
View Real Time Build Order
Export as new Build Order

TheoRy Terran 

Build Orders:  

Get SALT Encoding   

  12  0:01  SCV  
  13  0:13  SCV  
  14  0:18  Supply Depot  
  14  0:25  SCV  
  15  0:33  Refinery  
  15  0:39  SCV  
  16  0:44  Barracks  
  16  0:52  SCV  
  17  0:57  Refinery  
  17  1:04  SCV  
  18  1:16  SCV  
  19  1:31  Orbital Command  
  19  1:32  Reaper  
  20  1:37  Factory  
  20  1:52  Supply Depot  
  20  1:57  SCV  
  21  2:04  Reaper  
  22  2:15  SCV  
  22  2:22  Hellion  
  25  2:28  SCV  
  26  2:36  Reaper  
  26  2:45  SCV  
  26  2:51  Command Center  
  27  2:54  Hellion  
  27  2:57  Supply Depot  
  29  2:58  SCV  
  30  3:07  Starport  
  31  3:12  SCV  
  31  3:26  SCV  
  30  3:28  Reaper  
  30  3:29  Hellion  
  33  3:38  SCV  
  33  3:39  Supply Depot  
  34  3:44  Viking  
  36  3:50  SCV  
  37  3:55  Barracks  
  37  4:02  SCV, Factory Tech Lab  
  38  4:04  Orbital Command  
  34  4:21  SCV  
  34  4:23  Siege Tank  
  38  4:33  SCV  
  38  4:34  Barracks  
  38  4:35  Engineering Bay  
  39  4:41  SCV, Starport Tech Lab  
  40  4:48  Barracks Tech Lab  
  40  4:49  Barracks  
  39  4:57  SCV  
  40  5:01  Raven, SCV  
  40  5:02  Siege Tank  
  40  5:03  Barracks Reactor  
  46  5:08  Missile Turret  
  46  5:10  SCV, Missile Turret  
  47  5:15  Stimpack  
  47  5:17  SCV  
  48  5:24  Marine, Barracks Reactor  
  49  5:29  SCV  
  49  5:30  Terran Infantry Weapons Level 1  
  49  5:34  SCV  
  50  5:49  Siege Tank  
  53  5:50  Marine, SCV  
  53  5:51  Marine  
  53  5:54  SCV, Barracks Reactor, Refinery  
  53  5:55  Refinery  
  57  6:02  SCV  
  58  6:04  Medivac  
  58  6:06  SCV  
  58  6:09  Command Center  
  61  6:14  Supply Depot  
  61  6:15  SCV  
  62  6:20  SCV  
  63  6:27  SCV  
  64  6:33  Marine, Siege Tank  
  64  6:34  Marine x2  
  64  6:35  Marine x4  
  64  6:39  SCV  
  75  6:43  Supply Depot  
  75  6:47  SCV  
  75  6:51  Marine x2  
  75  6:52  Barracks  
  78  6:54  Supply Depot  
  78  7:02  Combat Shield  
  78  7:04  Marine x4, Medivac  
  78  7:07  SCV  
  85  7:08  Marine  
  86  7:16  SCV, Siege Tank  
  87  7:27  SCV, Marine x2  
  84  7:46  Marine x7  
  84  7:48  Siege Tank  
  81  7:59  Barracks Reactor  
  81  8:01  Barracks  
  81  8:04  Marine x7  
  88  8:10  Terran Infantry Armor Level 1  
  88  8:12  Engineering Bay  
  88  8:18  Armory  
  88  8:20  Siege Tank  
  88  8:21  SCV x2  
  88  8:22  Marine x4  
  88  8:26  Orbital Command  
  97  8:33  Marine x2  
  97  8:34  Marine  
  100  8:36  Marine  
  100  8:37  Marine  
  100  8:41  Supply Depot  
  102  8:45  Supply Depot  
  102  8:47  SCV  
  103  8:50  Marine x4  
  103  8:53  Starport Reactor  
  107  8:58  Marine  
  107  8:59  Marine x5  
  110  9:04  SCV  
  110  9:07  SCV  
  110  9:08  Marine x2  
  107  9:12  SCV  
  107  9:16  SCV  
  88  9:31  Marine  
  88  9:32  Marine  
  88  9:34  Marine x8  
  88  9:36  SCV  
  96  9:46  Viking x2  
  96  9:47  SCV  
  96  9:48  Siege Tank  
  104  9:56  Terran Infantry Weapons Level 2  
  104  9:59  SCV  
  102  10:00  SCV  
  102  10:01  SCV  
  104  10:12  SCV x2  
  104  10:13  SCV  
  107  10:16  Viking x2  
  107  10:18  Terran Infantry Armor Level 2  
  111  10:24  SCV x2  
  111  10:25  SCV  
  114  10:33  Marine  
  93  10:36  SCV x2  
  93  10:37  SCV  
  93  10:40  Marine x9  
  99  10:48  SCV  
  99  10:49  Siege Tank  
  103  10:51  Marine  
  103  10:52  Factory  
  103  10:55  SCV  
  105  10:57  Refinery  
  105  10:58  Marine x7, Refinery  
  105  11:01  Terran Ship Weapons Level 1  
  105  11:02  Viking  
  114  11:06  SCV  
  114  11:09  Barracks Reactor  
  115  11:12  Sensor Tower  
  115  11:14  Missile Turret  
  115  11:16  Marine x2, Missile Turret  
  115  11:17  Sensor Tower  
  117  11:23  Medivac  
  117  11:25  Siege Tank  
  122  11:28  Marine x7  
  122  11:32  Supply Depot  
  129  11:33  Supply Depot  
  129  11:34  Marine  
  129  11:44  Siege Tank  
  129  11:45  Marine x4  
  129  11:46  Marine x5  
  141  11:52  Marine  
  141  11:53  Marine  
  142  11:57  Supply Depot x3  
  140  12:03  Marine x2  
  140  12:04  Marine x7  
  148  12:10  Marine  
  135  12:16  Marine  
  135  12:20  Marine  
  135  12:21  Marine  
  135  12:22  Marine  
  136  12:23  Marine x4, Siege Tank x2  
  126  12:48  Marine  
  127  13:02  Marine x2  
  127  13:03  Siege Tank  
  127  13:04  Viking x2  
  136  13:09  Command Center  
  135  13:13  Marine x4  
  135  13:14  Marine x3  
  135  13:17  Marine x2  
  143  13:26  Marine  
  144  13:28  SCV  
  142  13:48  Marine x2  
  132  13:50  Medivac x2  
  132  13:53  Marine x7, Siege Tank x2  
  150  14:11  Marine  
  150  14:12  Marine x5  
  156  14:20  Medivac x2  
  157  14:26  Marine x5  
  157  14:30  Marine  
  139  14:31  Marine  
  139  14:32  Marine x3  
  139  14:36  Marine  
  143  14:41  Engineering Bay  
  143  14:42  Orbital Command  
  143  14:44  Marine x5  
  137  14:48  Marine  
  137  14:49  Marine x3  
  137  14:50  Marine, Medivac  
  122  14:54  Marine  
  123  15:00  Engineering Bay  
  123  15:01  Marine, Orbital Command  
  123  15:02  Marine x4, Armory  
  123  15:04  SCV  
  123  15:05  Marine  
  130  15:07  Marine x3  
  130  15:08  Marine  
  130  15:12  Marine  
  135  15:18  Siege Tank  
  135  15:19  Marine x4  
  135  15:20  Marine  
  143  15:23  Marine  
  143  15:25  Marine  
  143  15:26  Siege Tank  
  148  15:28  Marine x2  
  149  15:39  Marine x2  
  151  15:44  Supply Depot x2  
  151  15:50  Siege Tank  
  151  15:52  Marine  
  151  15:53  Marine  
  151  15:54  Marine  
  157  16:05  Marine x8  
  157  16:06  Siege Tank  
  157  16:10  Marine  
  157  16:11  Marine  
  138  16:12  Marine  
  126  16:22  Siege Tank  
  126  16:23  Marine x8  
  118  16:28  Marine x2  
  118  16:29  Marine  
  118  16:31  SCV  
  120  16:40  Marine x8  
  120  16:44  SCV  
  120  16:46  Marine x2  
  132  16:47  Marine  
  133  16:54  Orbital Command  
  133  16:58  Marine x6  
  133  16:59  Marine x2  
  140  17:03  Marine  
  140  17:04  Marine  
  140  17:05  Marine  
  142  17:12  Orbital Command  
  129  17:16  Marine x4  
  129  17:21  Marine  
  129  17:22  Marine  
Tags
 
Add a new tag
Caveats
  • Supply blocks, unpowered buildings, or Contaminate may cause inaccurate times.
  • Supply counts are checked every 10 seconds.